 Dungeon Crawl Stone Soup version 0.31-a0-216-g22e908daa7 (webtiles) character file.

Game seed: 15780732503257570584

173 qw the Chopper (level 5, 0/32 HPs)
             Began as a Gargoyle Fighter on July 2, 2023.
             Slain by a black bear (8 damage)
             ... on level 3 of the Dungeon.
             The game lasted 00:01:05 (2252 turns).

qw the Chopper (Gargoyle Fighter)                   Turns: 2252, Time: 00:01:06

Health: 0/32       AC: 10    Str: 18 (21) XL:     5   Next: 53%
Magic:  5/5        EV:  9    Int:  7 (9)  God:
Gold:   37         SH:  4    Dex:  6 (9)  Spells: 4/4 levels left

rFire   . . .        Y - +0 war axe
rCold   . . .        c - +0 buckler
rNeg    + . .        b - +0 scale mail
rPois   inf          (no helmet)
rElec   +            (no cloak)
rCorr   .            (no gloves)
SInv    .            (no boots)
Will    .....        (no amulet) Stlth
                     (no ring)
HPRegen 0.25/turn    (no ring)
MPRegen 0.09/turn

%: no passive effects
@: about to teleport
A: sickness immunity, AC +4, negative energy resistance 1, electricity
resistance, torment resistance 1, petrification resistance
a: no special abilities


You were on level 3 of the Dungeon.
You visited 1 branch of the dungeon, and saw 3 of its levels.

You collected 79 gold pieces.
You spent 42 gold pieces at shops.


Innate Abilities, Weirdness & Mutations

You are immune to sickness and miasma.
Your stone body is resilient. (AC +4)
You are immune to poison.
You resist negative energy. (rN+)
You are resistant to electric shocks. (rElec)
You are resistant to unholy torment.
You are immune to petrification.


   Skills:
 + Level 3.2 Fighting
 - Level 5.1 Axes
 - Level 3.2 Armour
 - Level 3.2 Shields


You had 4 spell levels left.
You didn't know any spells.
Your spell library was empty.

Inventory:

Hand Weapons
 m - a +0 mace
 Y - a +0 war axe (weapon)
Armour
 b - a +0 scale mail (worn)
 c - a +0 buckler (worn)
 g - a +0 helmet
Jewellery
 h - an amulet of regeneration
 j - an amulet of reflection
Scrolls
 l - a scroll of teleportation
 n - a scroll of identify
Potions
 a - a potion of magic {unknown}
 d - 2 potions of might
 e - a potion of heal wounds {unknown}
 f - a potion of cancellation {unknown}
 k - 2 potions of curing

Dungeon Overview and Level Annotations

Branches:
Dungeon (3/15)

Altars:

Shops:
D:2 !


Message History

The black bear bites you. You block the black bear's attack.
The black bear claws you but does no damage.
The black bear bites you! The black bear claws you.
The black bear claws you but does no damage.
You barely miss the black bear.
The black bear is moderately wounded.
The black bear bites you but does no damage.
The black bear barely misses you.
The black bear claws you but does no damage.
You slash the black bear!
The black bear is severely wounded.
You block the black bear's attack.
The black bear claws you but does no damage. x2
You closely miss the black bear.
The black bear is severely wounded.
The black bear bites you.
The black bear claws you but does no damage.
The black bear barely misses you. The black bear bites you.
The black bear barely misses you. x2
You closely miss the black bear.
The black bear is severely wounded.
The black bear bites you but does no damage.
The black bear barely misses you. The black bear claws you.
You hit the black bear.
The black bear is severely wounded.
You block the black bear's attack. The black bear completely misses you.
The black bear barely misses you.
You barely miss the black bear.
The black bear is severely wounded.
The black bear closely misses you. The black bear claws you. x2
2251 ||| READING 2 scrolls of teleportation.
As you read the scroll of teleportation, it crumbles to dust.
You feel strangely unstable.
The black bear bites you but does no damage.
The black bear closely misses you.
The black bear claws you but does no damage.
You barely miss the black bear.
The black bear is severely wounded.
The black bear goes berserk!
The black bear bites you!
You die...

#............. .....
............. .....
###......... .
....########.........
.. ....................
#.###..###.............
#.$:...................
#..............########
#.....@........#
#.....h###.....#
#..............#
#.......[..#.###
#.###..###.#.# .. ....
:.#.# # ..... #.#.#
..... #.#


You could see a black bear (berserk).

Vanquished Creatures
  Natasha (thrice) (D:2)
  Robin (D:2)
  2 adders (D:2)
  4 dart slugs
  A worm (D:2)
  6 endoplasms
  A giant cockroach (D:2)
  13 goblins
  9 hobgoblins
  3 jackals (D:1)
  A quokka (D:2)
  A ball python (D:1)
  A bat (D:1)
  3 frilled lizards (D:1)
  6 kobolds
  6 rats
61 creatures vanquished.

Notes
Turn   | Place    | Note
-------+----------+-------------------------------------------
     0 | D:1      | qw the Gargoyle Fighter began the quest for the Orb.
     0 | D:1      | Reached XP level 1. HP: 14/14 MP: 1/1
     0 | D:1      | 0 ||| qw: Version: 0.3-a-35-g05ef00e
     0 | D:1      | 0 ||| qw: Game counter: 7789
     0 | D:1      | 0 ||| qw: Melee chars always use a shield: true
     0 | D:1      | 0 ||| qw: God list: Okawaru
     0 | D:1      | 0 ||| qw: Allow faded altars: false
     0 | D:1      | 0 ||| qw: Do Orc after clearing Dungeon:15 true
     0 | D:1      | 0 ||| qw: Do second Lair branch before Depths: true
     0 | D:1      | 0 ||| qw: Lair rune preference: random
     0 | D:1      | 0 ||| qw: Goals: Normal, Zot:1-4, Slime:5, God:TSO, Crypt,
                  | Tomb, Abyss, Pan, Hells, Win
     0 | D:1      | 0 ||| PLANNING D:1-11
    11 | D:1      | 11 ||| Stepping ~*~*~tactically~*~*~ (hiding).
    22 | D:1      | Reached skill level 2 in Axes
    37 | D:1      | 37 ||| Stepping ~*~*~tactically~*~*~ (hiding).
    38 | D:1      | 38 ||| Stepping ~*~*~tactically~*~*~ (hiding).
   161 | D:1      | Reached XP level 2. HP: 19/19 MP: 2/2
   164 | D:1      | 164 ||| Stepping ~*~*~tactically~*~*~ (hiding).
   459 | D:1      | 459 ||| Stepping ~*~*~tactically~*~*~ (stealth).
   477 | D:1      | Reached skill level 3 in Axes
   479 | D:1      | 479 ||| DROPPING +0 club.
   566 | D:1      | 566 ||| Stepping ~*~*~tactically~*~*~ (stealth).
   569 | D:1      | 569 ||| Stepping ~*~*~tactically~*~*~ (stealth).
   577 | D:1      | Reached XP level 3. HP: 22/23 MP: 3/3
  1080 | D:1      | 1080 ||| READING scroll labelled IFUPNY MOFOIS.
  1081 | D:1      | 1081 ||| READING scroll labelled RUME TUARU.
  1082 | D:1      | 1082 ||| READING 2 scrolls labelled QEDGHE JEAVOUN.
  1235 | D:2      | 1235 ||| Stepping ~*~*~tactically~*~*~ (stealth).
  1238 | D:2      | 1238 ||| Stepping ~*~*~tactically~*~*~ (hiding).
  1246 | D:2      | Noticed Robin
  1255 | D:2      | Killed Robin
  1257 | D:2      | Reached XP level 4. HP: 23/28 MP: 4/4
  1321 | D:2      | Reached skill level 4 in Axes
  1421 | D:2      | Noticed Natasha
  1428 | D:2      | Killed Natasha
  1482 | D:2      | Noticed Natasha
  1488 | D:2      | Killed Natasha
  1489 | D:2      | Reached XP level 5. HP: 24/32 MP: 5/5
  1560 | D:2      | 1560 ||| Stepping ~*~*~tactically~*~*~ (hiding).
  1698 | D:2      | 1698 ||| DROPPING +0 whip.
  1756 | D:2      | Found Ujaost's Distillery.
  1834 | D:2      | 1834 ||| BUYING potion of curing (42 gold).
  1834 | D:2      | Bought a potion of curing for 42 gold pieces
  1834 | D:2      | 1834 ||| SHOPLISTING potion of heal wounds (70 gold, have
                  | 16).
  1834 | D:2      | 1834 ||| SHOPLISTING potion of lignification (42 gold, have
                  | 16).
  1834 | D:2      | 1834 ||| SHOPLISTING potion of might (56 gold, have 16).
  1834 | D:2      | 1834 ||| SHOPLISTING potion of mutation (112 gold, have
                  | 16).
  2062 | D:2      | Noticed Natasha
  2063 | D:2      | 2063 ||| Stepping ~*~*~tactically~*~*~ (hiding).
  2073 | D:2      | Killed Natasha
  2074 | D:2      | Reached skill level 5 in Axes
  2177 | D:2      | 2177 ||| READING scroll labelled FIZYV HECZOU.
  2178 | D:2      | 2178 ||| DRINKING 2 bubbling golden potions.
  2179 | D:2      | 2179 ||| DROPPING potion of degeneration.
  2235 | D:3      | Noticed a black bear
  2250 | D:3      | HP: 8/32 [black bear (3)]
  2251 | D:3      | 2251 ||| READING 2 scrolls of teleportation.
  2252 | D:3      | Slain by a black bear

Levels and vault maps discovered:
D:1:      dpeg_arrival_round_b, layout_basic, minmay_misc_feat_x,
          roderic_lattice_a, amcnicky_mini_corridor_feature, st_stairs_13,
          minmay_box_of_dots
D:2:      layout_basic, serial_shops, shop, uniq_robin, uniq_natasha
D:3:      layout_basic, hellmonk_ecumenical_altar_lost_god

Skill      XL: |  1  2  3  4  5 |
---------------+----------------+-----
Axes           | 2 3 4 5 |  5.1
Fighting       | |  3.2
Armour         | |  3.2
Shields        | |  3.2

Action                     |  1- 3 |  4- 6 || total
---------------------------+-------+-------++-------
  Melee: War axe           |    96 |    81 ||   177
    Use: Scroll            |     3 |     2 ||     5
         Potion            |       |     1 ||     1
 Armour: Scale mail        |    50 |    46 ||    96
  Dodge: Dodged            |    31 |    45 ||    76
  Block: Buckler           |    17 |    15 ||    32

Table legend:
 A = Non-vault XP
 B = Vault XP
 C = Vault XP percentage of total XP
 D = Non-vault monster count
 E = Vault monster count
 F = Vault count percentage of total count
                 A         B        C        D         E       F
            +---------+---------+-------+---------+---------+-------
      Total |     168 |      80 |  32.3 |      42 |      19 |  31.1
            +---------+---------+-------+---------+---------+-------
        D:1 |      41 |       7 |  14.6 |      24 |       5 |  17.2
        D:2 |     127 |      73 |  36.5 |      18 |      14 |  43.8
            +---------+---------+-------+---------+---------+-------
